 Dungeon Crawl Stone Soup version 0.29.0-4-gdea44cf6ec (webtiles) character file.

Game seed: 7452084599973991506

954 qw the Cleaver (level 8, -2/46 HPs)
             Began as a Tengu Warper on Aug 28, 2022.
             Was a Follower of Okawaru.
             Slain by a hornet (9 damage)
             ... on level 5 of the Dungeon.
             The game lasted 00:00:37 (5174 turns).

qw the Cleaver (Tengu Warper)                       Turns: 5174, Time: 00:00:37

Health: -2/46      AC: 16    Str: 14    XL:     8   Next: 14%
Magic:  10/12      EV: 11    Int: 13    God:    Okawaru [*.....]
Gold:   221        SH:  7    Dex: 14    Spells: 11/11 levels left

rFire   . . .      SeeInvis .   Y - +0 war axe
rCold   . . .      Faith    .   g - +1 buckler {AC+3}
rNeg    + . .      Spirit   .   i - +0 plate armour
rPois   .          Reflect  .   (helmet restricted)
rElec   .          Harm     .   (no cloak)
rCorr   .          Rampage  .   (no gloves)
Will    .....                   (boots unavailable)
Stlth   ..........              (no amulet)
HPRegen 0.15/turn               f - ring of positive energy
MPRegen 0.13/turn               b - +4 ring of evasion

@: lethally poisoned (-2 -> -5), heroic, flying quickly and evasively, slowed,
very slow
A: beak, talons 3, nimble flight
a: Renounce Religion, Heroism


You were on level 5 of the Dungeon.
You worshipped Okawaru.
Okawaru was aware of your devotion.
You visited 2 branches of the dungeon, and saw 6 of its levels.

You collected 221 gold pieces.


Innate Abilities, Weirdness & Mutations

You have a beak for a mouth.
You have claws for feet.
Your magical nature lets you fly swiftly and evasively.


   Skills:
 - Level 3.5(8.5) Fighting
 + Level 8.4(13.4) Axes
 - Level 1.0(6.0) Throwing
 - Level 3.6(8.6) Armour
 - Level 2.1(7.1) Dodging
 - Level 2.2(7.2) Shields
 - Level 2.0 Spellcasting
 - Level 2.4 Translocations
 + Level 0.0 Invocations


You had 11 spell levels left.
You didn't know any spells.
Your spell library contained the following spells:

 Spells                   Type           Power      Damage    Failure   Level
 Blink                    Tloc           14%        N/A       100%        2
 Gell's Gravitas          Tloc           7%         N/A       100%        3
 Lesser Beckoning         Tloc           7%         N/A       100%        3
 Teleport Other           Tloc           7%         N/A       100%        3
 Manifold Assault         Tloc           7%         N/A       100%        5

Inventory:

Hand Weapons
 l - a +0 morningstar
 Y - a +0 war axe (weapon)
Armour
 g - a +1 buckler of protection (worn)
 i - a +0 plate armour (worn)
Jewellery
 b - a +4 ring of evasion (right hand)
 f - a ring of positive energy (left hand)
Scrolls
 a - 5 scrolls of identify
 o - a scroll of poison {unknown}
 p - a scroll of magic mapping {unknown}
Potions
 c - 2 potions of curing
 d - 2 potions of heal wounds
 e - a potion of cancellation
 h - a potion of might
 j - 3 potions of degeneration {unknown}
 k - a potion of haste {unknown}
 m - a potion of mutation
 n - 2 potions of brilliance {unknown}
 q - a potion of resistance {unknown}

Dungeon Overview and Level Annotations

Branches:
Dungeon (5/15)             Temple (1/1) D:4

Altars:
Ashenzari
Cheibriados
Dithmenos
Fedhas
Gozag
Hepliaklqana
Kikubaaqudgha
Makhleb
Okawaru
Qazlal
Sif Muna
Trog
Uskayaw
Vehumet
Wu Jian
Xom
Zin

Shops:
D:5 :

Annotations:
D:3 2 transporters, qw's ghost, amateur TeWr
D:5 2 runed translucent doors, qw's ghost, novice TeWr


Message History

A hornet comes into view.
The hornet buzzes angrily.
The hornet moves out of view.
There is an escape hatch in the floor here.
An adder comes into view.
You barely miss the hornet. Your kick misses the hornet.
Your peck misses the hornet.
The hornet stings you but does no damage.
The hornet barely misses you.
You miss the hornet. Your kick misses the hornet.
You block the hornet's attack.
You closely miss the hornet. The hornet barely misses you.
You block the hornet's attack.
You closely miss the hornet. Your kick misses the hornet.
Your peck misses the hornet. The hornet stings you.
You are poisoned.
You feel yourself slow down. The hornet closely misses you.
You barely miss the hornet. Your kick misses the hornet.
You feel very sick. The hornet stings you.
You feel as though you will be slow longer.
You block the hornet's attack.
5171 ||| INVOKING Heroism.
You gain the combat prowess of a mighty hero.
You feel very sick.
The hornet stings you but does no damage. x2
The hornet stings you!
You feel as though you will be slow longer.
You closely miss the hornet. You claw the hornet, but do no damage.
Your peck misses the hornet.
You feel sick. The hornet misses you.
You barely miss the hornet. You peck the hornet, but do no damage.
You feel sick. You block the hornet's attack. The hornet barely misses you.
You barely miss the hornet. Your kick misses the hornet.
You peck the hornet, but do no damage.
You feel sick. The hornet stings you!
You feel as though you will be slow longer.
The hornet stings you!
You die...

)..#.#.#...## #.########
#.........######.#......######
##..............).....#......#
...#####.....##..#.##.#......#
.(...........##..#.##.%......#
.............##..#.####......#
#####...#.#####..#.####......#
#.>.#......>.#......######
#...########@######## #...#
#.yS# #####...# ###....
#......## ...... #.########
.##.. #........# .# .
#..#####.# ##### .
#..#####.#####...# ##
.................#


You could see a hornet and an adder.

Vanquished Creatures
  Sigmund (D:3)
  A water moccasin (D:5)
  A phantom (D:4)
  2 scorpions
  A howler monkey (D:5)
  2 jellies (D:4)
  An orc priest (D:5)
  A gnoll bouda (D:5)
  An iguana (D:4)
  2 orc wizards (D:5)
  8 gnolls
  8 adders
  A worm (D:2)
  4 dart slugs
  6 orcs
  12 ball pythons
  6 bats
  13 endoplasms
  3 giant cockroaches
  10 goblins
  12 hobgoblins
  5 jackals (D:3)
  9 kobolds
  4 quokkas
  3 frilled lizards (D:1)
  4 rats
121 creatures vanquished.

Vanquished Creatures (others)
  A worm (D:3)
  A giant cockroach (D:3)
  A hobgoblin (D:3)
  2 frilled lizards (D:3)
  A rat (D:3)
6 creatures vanquished.

Grand Total: 127 creatures vanquished

Notes
Turn   | Place    | Note
-------+----------+-------------------------------------------
     0 | D:1      | qw the Tengu Warper began the quest for the Orb.
     0 | D:1      | Reached XP level 1. HP: 12/12 MP: 4/4
     0 | D:1      | 0 ||| qw: Version: 0.1-a-89-g26bdef1
     0 | D:1      | 0 ||| qw: Game counter: 731
     0 | D:1      | 0 ||| qw: Always use a shield: true
     0 | D:1      | 0 ||| qw: God list: Okawaru
     0 | D:1      | 0 ||| qw: Allow faded altars: false
     0 | D:1      | 0 ||| qw: Do Orc after D:15 true
     0 | D:1      | 0 ||| qw: Do second Lair branch before Depths: true
     0 | D:1      | 0 ||| qw: Lair rune preference: random
     0 | D:1      | 0 ||| qw: Plans: Normal
     0 | D:1      | 0 ||| PLANNING D:1-11
    57 | D:1      | 57 ||| Stepping ~*~*~tactically~*~*~ (stealth).
   141 | D:1      | Reached skill level 3 in Axes
   141 | D:1      | Reached XP level 2. HP: 17/17 MP: 6/6
   142 | D:1      | 142 ||| Stepping ~*~*~tactically~*~*~ (stealth).
   144 | D:1      | 144 ||| Stepping ~*~*~tactically~*~*~ (stealth).
   148 | D:1      | 148 ||| Stepping ~*~*~tactically~*~*~ (stealth).
   151 | D:1      | 151 ||| Stepping ~*~*~tactically~*~*~ (stealth).
   152 | D:1      | 152 ||| Stepping ~*~*~tactically~*~*~ (stealth).
   327 | D:1      | Found a faded altar of an unknown god.
   546 | D:1      | 546 ||| Stepping ~*~*~tactically~*~*~ (stealth).
   575 | D:1      | Reached XP level 3. HP: 21/21 MP: 7/7
   669 | D:1      | 669 ||| Stepping ~*~*~tactically~*~*~ (stealth).
   728 | D:1      | Reached skill level 4 in Axes
   944 | D:1      | 944 ||| UPGRADING to ring of positive energy.
   945 | D:1      | 945 ||| READING 2 scrolls labelled COLITUPTUD.
   946 | D:1      | 946 ||| READING scroll of enchant weapon.
   946 | D:1      | 946 ||| ENCHANTING +1 hand axe.
   947 | D:1      | 947 ||| READING scroll labelled RUWEEF KAPTO.
   948 | D:1      | 948 ||| READING scroll labelled XOBRIX CUIXOEMOO.
   949 | D:1      | 949 ||| READING scroll labelled GYCINUD CUABITH.
   950 | D:1      | 950 ||| READING scroll labelled RIEBOTSALO.
   951 | D:1      | 951 ||| DROPPING scroll of blinking.
  1026 | D:2      | 1026 ||| Stepping ~*~*~tactically~*~*~ (stealth).
  1027 | D:2      | 1027 ||| Stepping ~*~*~tactically~*~*~ (stealth).
  1462 | D:2      | Reached XP level 4. HP: 21/26 MP: 8/8
  1610 | D:2      | 1610 ||| FLEEEEING.
  1611 | D:2      | 1611 ||| FLEEEEING.
  1612 | D:2      | 1612 ||| FLEEEEING.
  1615 | D:2      | 1615 ||| FLEEEEING.
  1616 | D:2      | 1616 ||| FLEEEEING.
  1617 | D:2      | 1617 ||| FLEEEEING.
  1618 | D:2      | 1618 ||| FLEEEEING.
  1619 | D:2      | 1619 ||| FLEEEEING.
  1620 | D:2      | 1620 ||| FLEEEEING.
  1621 | D:2      | 1621 ||| FLEEEEING.
  1628 | D:2      | 1628 ||| FLEEEEING.
  1629 | D:2      | 1629 ||| FLEEEEING.
  1630 | D:2      | 1630 ||| FLEEEEING.
  1631 | D:2      | 1631 ||| FLEEEEING.
  1632 | D:2      | 1632 ||| FLEEEEING.
  1633 | D:2      | 1633 ||| FLEEEEING.
  1634 | D:2      | 1634 ||| FLEEEEING.
  1635 | D:2      | 1635 ||| FLEEEEING.
  1640 | D:2      | 1640 ||| FLEEEEING.
  1641 | D:2      | 1641 ||| FLEEEEING.
  1642 | D:2      | 1642 ||| FLEEEEING.
  1643 | D:2      | 1643 ||| FLEEEEING.
  1649 | D:2      | 1649 ||| STAIRDANCE
  1669 | D:1      | 1669 ||| UPGRADING to +1 buckler of protection.
  1674 | D:1      | 1674 ||| UPGRADING to +0 plate armour.
  1684 | D:1      | 1684 ||| DROPPING +0 leather armour.
  1685 | D:1      | 1685 ||| READING 2 scrolls labelled GEMEONEPOF.
  1686 | D:1      | 1686 ||| READING scroll labelled CIOVOAJUYR.
  1776 | D:2      | Reached skill level 1 in Shields
  1886 | D:2      | 1886 ||| Stepping ~*~*~tactically~*~*~ (stealth).
  1972 | D:2      | 1972 ||| Stepping ~*~*~tactically~*~*~ (stealth).
  1974 | D:2      | 1974 ||| Stepping ~*~*~tactically~*~*~ (hiding).
  1988 | D:2      | HP: 4/26 [gnoll/+0 whip (3)]
  1992 | D:2      | Reached skill level 5 in Axes
  1992 | D:2      | Gained mutation: Your magical nature lets you fly swiftly
                  | and evasively. [Tengu growth]
  1992 | D:2      | Reached XP level 5. HP: 5/30 MP: 9/9
  2488 | D:2      | 2488 ||| UPGRADING to +4 ring of evasion.
  2489 | D:2      | 2489 ||| READING 2 scrolls of identify.
  2489 | D:2      | 2489 ||| IDENTIFYING sedimented pink potion
  2532 | D:3      | Found a transporter.
  2535 | D:3      | Noticed qw's ghost (amateur TeWr)
  2551 | D:3      | Found a transporter.
  2610 | D:3      | Noticed Sigmund
  2611 | D:3      | 2611 ||| Stepping ~*~*~tactically~*~*~ (hiding).
  2619 | D:3      | Killed Sigmund
  2620 | D:3      | Reached skill level 6 in Axes
  2620 | D:3      | Reached XP level 6. HP: 30/35 MP: 10/10
  2724 | D:3      | Found a shimmering altar of Xom.
  2728 | D:3      | 2728 ||| FLEEEEING.
  2729 | D:3      | 2729 ||| FLEEEEING.
  2730 | D:3      | 2730 ||| FLEEEEING.
  2731 | D:3      | 2731 ||| FLEEEEING.
  2732 | D:3      | 2732 ||| FLEEEEING.
  2733 | D:3      | 2733 ||| FLEEEEING.
  2737 | D:3      | 2737 ||| FLEEEEING.
  2738 | D:3      | 2738 ||| FLEEEEING.
  2739 | D:3      | 2739 ||| FLEEEEING.
  2740 | D:3      | 2740 ||| FLEEEEING.
  2741 | D:3      | 2741 ||| FLEEEEING.
  2742 | D:3      | 2742 ||| FLEEEEING.
  2743 | D:3      | 2743 ||| FLEEEEING.
  2744 | D:3      | 2744 ||| FLEEEEING.
  2745 | D:3      | 2745 ||| FLEEEEING.
  2746 | D:3      | 2746 ||| FLEEEEING.
  2904 | D:3      | Found a hazy altar of Hepliaklqana.
  3017 | D:3      | 3017 ||| Stepping ~*~*~tactically~*~*~ (stealth).
  3048 | D:3      | Reached skill level 7 in Axes
  3113 | D:3      | 3113 ||| Stepping ~*~*~tactically~*~*~ (hiding).
  3176 | D:3      | 3176 ||| DROPPING +0 whip.
  3247 | D:3      | 3247 ||| DROPPING amulet of faith.
  3248 | D:3      | 3248 ||| READING scroll labelled BIR QISCHOSUUKK.
  3249 | D:3      | 3249 ||| DRINKING 2 yellow potions.
  3250 | D:3      | 3250 ||| READING 4 scrolls of identify.
  3250 | D:3      | 3250 ||| IDENTIFYING sapphire potion
  3251 | D:3      | 3251 ||| READING 3 scrolls of identify.
  3251 | D:3      | 3251 ||| IDENTIFYING bubbling cyan potion
  3252 | D:3      | 3252 ||| READING 2 scrolls of identify.
  3252 | D:3      | 3252 ||| IDENTIFYING lumpy amethyst potion
  3275 | D:4      | 3275 ||| STAIRDANCE
  3281 | D:4      | 3281 ||| STAIRDANCE
  3561 | D:4      | 3561 ||| FLEEEEING.
  3562 | D:4      | 3562 ||| FLEEEEING.
  3563 | D:4      | 3563 ||| FLEEEEING.
  3564 | D:4      | 3564 ||| FLEEEEING.
  3565 | D:4      | 3565 ||| FLEEEEING.
  3577 | D:4      | Found a staircase to the Ecumenical Temple.
  3578 | D:4      | 3578 ||| PLANNING TEMPLE
  3579 | D:4      | 3579 ||| Stepping randomly (stuck).
  3586 | D:4      | Reached skill level 3 in Fighting
  3586 | D:4      | Reached XP level 7. HP: 30/41 MP: 11/11
  3700 | D:4      | 3700 ||| Stepping randomly (stuck).
  3796 | D:4      | Found a bloodstained altar of Trog.
  3797 | D:4      | 3797 ||| SWAPPING to +0 war axe.
  3798 | D:4      | 3798 ||| DROPPING +2 hand axe of venom.
  3805 | D:4      | Identified the +5 dagger of Gownoghu {venom, *Slow rElec
                  | rPois}
  3908 | Temple   | Entered the Ecumenical Temple
  3938 | Temple   | 3938 ||| PLANNING D:1-11
  4090 | D:4      | Found an iron altar of Okawaru.
  4140 | D:4      | Became a worshipper of Warmaster Okawaru
  4233 | D:4      | Reached skill level 3 in Armour
  4294 | D:4      | Found a broken altar of Ashenzari.
  4350 | D:4      | 4350 ||| READING scroll labelled PUZAACWIGIMM.
  4469 | D:5      | Entered Level 5 of the Dungeon
  4526 | D:5      | 4526 ||| Stepping ~*~*~tactically~*~*~ (hiding).
  4542 | D:5      | 4542 ||| Stepping ~*~*~tactically~*~*~ (stealth).
  4543 | D:5      | 4543 ||| Stepping ~*~*~tactically~*~*~ (hiding).
  4614 | D:5      | Found a radiant altar of Vehumet.
  4622 | D:5      | 4622 ||| Stepping ~*~*~tactically~*~*~ (stealth).
  4625 | D:5      | 4625 ||| Stepping ~*~*~tactically~*~*~ (stealth).
  4626 | D:5      | 4626 ||| Stepping ~*~*~tactically~*~*~ (stealth).
  4627 | D:5      | 4627 ||| Stepping ~*~*~tactically~*~*~ (stealth).
  4638 | D:5      | Reached * piety under Okawaru
  4814 | D:5      | 4814 ||| Stepping ~*~*~tactically~*~*~ (hiding).
  4818 | D:5      | 4818 ||| INVOKING Heroism.
  4833 | D:5      | Reached XP level 8. HP: 38/46 MP: 10/12
  4897 | D:5      | Found Ahair's Book Boutique.
  5011 | D:5      | Reached skill level 8 in Axes
  5078 | D:5      | Found a runed translucent door.
  5079 | D:5      | Noticed qw's ghost (novice TeWr)
  5109 | D:5      | 5109 ||| Stepping ~*~*~tactically~*~*~ (stealth).
  5115 | D:5      | Found a runed translucent door.
  5162 | D:5      | Noticed a hornet
  5171 | D:5      | 5171 ||| INVOKING Heroism.
  5174 | D:5      | HP: 7/46 [hornet (10)]
  5174 | D:5      | Slain by a hornet

Levels and vault maps discovered:
D:1:      elethiomel_arrival_shortcut, layout_basic,
          ebering_ecumenical_altar_abandoned
D:2:      layout_basic
D:3:      layout_basic, worldfamousw_hep_ancestral_shrine, xom_confusion_cloud,
          gammafunk_ghost_arena, kennysheep_generic_room_2, uniq_sigmund
D:4:      layout_loops_ring, bloody_trog, kennysheep_little_box,
          mainiacjoe_overflow_concentric_impassable,
          minmay_temple_entry_stoned_glass
D:5:      layout_loops_cross, nicolae_vehumet_radiance, ebering_ghost_sewer_f,
          serial_shops, nicolae_shop_competitors_out_of_business,
          serial_bayou_pond_d
Temple:   nicolae_temple_ecumenical_triangle

Skill      XL: |  1  2  3  4  5  6  7  8 |
---------------+-------------------------+-----
Axes           | 3 4 5 6 7 8 |  8.4
Shields        | 1 2 |  2.2
Armour         | 2 3 |  3.6
Fighting       | 3 |  3.5
Throwing       | |  1.0
Dodging        | |  2.1
Spellcasting   | |  2.0
Translocations | |  2.4

Action                   |  1- 3 |  4- 6 |  7- 9 || total
-------------------------+-------+-------+-------++-------
Melee: Hand axe          |    79 |   108 |     8 ||   195
       Peck              |    10 |    15 |    14 ||    39
       Kick              |    10 |    30 |    24 ||    64
       Punch             |     1 |       |       ||     1
       War axe           |       |       |    75 ||    75
Throw: Boomerang         |     7 |     2 |       ||     9
Invok: Heroism           |       |       |     2 ||     2
  Use: Scroll            |     6 |     7 |     1 ||    14
       Potion            |       |     1 |       ||     1
Armor: Leather armour    |    20 |     1 |       ||    21
       Plate armour      |       |    46 |    39 ||    85
Dodge: Dodged            |    38 |    18 |    28 ||    84
Block: Buckler           |       |    12 |    18 ||    30

Table legend:
 A = Non-vault XP
 B = Vault XP
 C = Vault XP percentage of total XP
 D = Non-vault monster count
 E = Vault monster count
 F = Vault count percentage of total count
                 A         B        C        D         E       F
            +---------+---------+-------+---------+---------+-------
      Total |    1126 |     237 |  17.4 |     110 |      11 |   9.1
            +---------+---------+-------+---------+---------+-------
        D:1 |      54 |       0 |   0.0 |      31 |       0 |   0.0
        D:2 |     143 |       0 |   0.0 |      26 |       0 |   0.0
        D:3 |      48 |     237 |  83.2 |      20 |      11 |  35.5
        D:4 |     355 |       0 |   0.0 |      18 |       0 |   0.0
        D:5 |     526 |       0 |   0.0 |      15 |       0 |   0.0
            +---------+---------+-------+---------+---------+-------
